 Dungeon Crawl Stone Soup version 0.30-a0-728-gc68057be0a (webtiles) character file.

Game seed: 11992354837597242444

29 zinnoa the Sneak (level 3, 0/26 HPs)
             Began as a Djinni Enchanter on Jan 30, 2023.
             Slain by a jackal (3 damage)
             ... on level 2 of the Dungeon.
             The game lasted 00:05:01 (1225 turns).

zinnoa the Sneak (Djinni Enchanter)                 Turns: 1225, Time: 00:05:01

Health: 0/26       AC:  2    Str:  7    XL:     3   Next: 32%
Gold:   21         EV: 12    Int: 16    God:
                   SH:  0    Dex: 15

rFire   + + .      SeeInvis .    a - +1 dagger
rCold   x . .      Faith    .    (no shield)
rNeg    . . .      Spirit   .    b - +0 robe
rPois   ∞          Reflect  .    i - +0 hat
rElec   .          Harm     .    (no cloak)
rCorr   .          Rampage  .    (no gloves)
Will    .....                    (boots unavailable)
Stlth   ++                       (no amulet)
HPRegen 0.24/turn                (no ring)
MPRegen 0.00/turn                (no ring)

@: flying
A: sickness immunity, fire resistance 2, cold vulnerability 1, float, innate
caster, HP casting, extra vitality 1
a: no special abilities


You were on level 2 of the Dungeon.
You visited 1 branch of the dungeon, and saw 2 of its levels.

You collected 21 gold pieces.

Inventory:

Hand Weapons
 a - a +1 dagger (weapon)
Armour
 b - a +0 robe (worn)
 i - a +0 hat (worn)
Scrolls
 d - a scroll of fear {unknown}
 e - a scroll of poison {unknown}
 f - 5 scrolls of blinking {unknown}
 j - a scroll of fog {unknown}
Potions
 c - 2 potions of invisibility
 g - a potion of flight {unknown}
 h - a potion of mutation {unknown}


   Skills:
 * Level 0.7 Fighting
 * Level 1.2 Short Blades
 * Level 2.3 Dodging
 * Level 3.0 Stealth
 + Level 2.6 Spellcasting


You couldn't memorise any spells.
You knew the following spells:

 Your Spells              Type           Power      Damage    Failure   Level
a - Ensorcelled Hibernat  Hex/Ice        20%        N/A       10%         2
b - Confusing Touch       Hex            10%        N/A       21%         3
c - Tukima's Dance        Hex            10%        N/A       21%         3
d - Dazzling Flash        Conj/Hex       20%        N/A       21%         3
e - Sandblast             Erth           20%        2d7       7%          1
Your spell library was empty.

Dungeon Overview and Level Annotations

Branches:
Dungeon (2/15)

Altars:


Innate Abilities, Weirdness & Mutations

You are immune to sickness and miasma.
You are immune to poison.
Your flesh is very heat resistant. (rF++)
You are vulnerable to cold. (rC-)
You float through the air rather than walking.
You learn spells naturally, not from books.
Your magical power is your life essence.
You have superior vitality. (+4 MHP)


Message History

The jackal barely misses you.
There are monsters nearby!
There are monsters nearby!
There are monsters nearby!
Casting: Sandblast (safe; 7% risk of failure)
Confirm with . or Enter, or press ? or * to list all spells.
Aiming: Sandblast (safe; 7% risk of failure)
Press: ? - help, Shift-Dir - straight line, f/p - jackal
Aim: a jackal (moderately wounded, 77% to hit)
The blast of sand hits the jackal but does no damage.
The jackal is moderately wounded.
The jackal barely misses you. The jackal closely misses you. x2
The jackal bites you. x3
You hit the jackal.
You kill the jackal!
The jackal misses you. The jackal bites you.
* * * LOW HITPOINT WARNING * * *
Casting: Sandblast (safe; 7% risk of failure)
Confirm with . or Enter, or press ? or * to list all spells.
Aiming: Ensorcelled Hibernation (safe; 10% risk of failure)
Press: ? - help, Shift-Dir - straight line, f - jackal
Aim: a jackal (chance to affect: 62%)
The jackal resists with significant effort.
* * * LOW HITPOINT WARNING * * *
The jackal closely misses you.
The jackal bites you but does no damage.
You barely miss the jackal. The jackal bites you.
* * * LOW HITPOINT WARNING * * *
The jackal bites you.
* * * LOW HITPOINT WARNING * * *
The jackal bites you but does no damage.
The jackal barely misses you.
You hit the jackal.
The jackal is severely wounded.
The jackal closely misses you. x2
You hit the jackal.
You kill the jackal!
The jackal stops to sniff the ground.
The jackal bites you.
You die...

.# ##..#
#####..######
##...........##
##.............##
#...........†...#
#...?...........#
#...............#
#...............#
#.†@............#
#.h†.........<..#
##......(......##
..#.....#.....##
##.#############
.. ##


You could see a jackal.

Vanquished Creatures
  An adder (D:2)
  4 ball pythons (D:1)
  4 endoplasms (D:1)
  A goblin (D:1)
  2 hobgoblins (D:1)
  2 jackals (D:2)
  A quokka (D:1)
  A bat (D:1)
  2 frilled lizards (D:1)
  A rat (D:2)
19 creatures vanquished.

Notes
Turn   | Place    | Note
-------+----------+-------------------------------------------
     0 | D:1      | zinnoa the Djinni Enchanter began the quest for the Orb.
     0 | D:1      | zinnoa set off with the following spells memorised:
                  | Ensorcelled Hibernation, Confusing Touch, Tukima's Dance,
                  | Dazzling Flash.
     0 | D:1      | Reached XP level 1. HP: 15/15 MP: 0/0
   132 | D:1      | Reached skill level 1 in Short Blades
   132 | D:1      | Reached XP level 2. HP: 5/21 MP: 0/0
   453 | D:1      | HP: 1/22 [frozen (1)]
  1102 | D:2      | HP: 1/22 [adder (2)]
  1105 | D:2      | Reached skill level 3 in Stealth
  1105 | D:2      | Reached XP level 3. HP: 2/26 MP: 0/0
  1105 | D:2      | Learned a level 1 spell: Sandblast
  1225 | D:2      | Slain by a jackal

Illustrated notes

Levels and vault maps discovered:
D:1:      roderic_crossed_star, layout_loops_ring, hangedman_glass_teeth
D:2:      layout_rooms, hangedman_feature_mirror, palyth_stone_intersect,
          wander_ebering_terrifying_dragon_lair, uniq_sigmund

Skill      XL: |  1  2 |
---------------+-------+-----
Short Blades   | 1 |  1.2
Stealth        | 3 |  3.0
Fighting       | |  0.7
Dodging        | |  2.3
Spellcasting   | |  2.6

Action                     || total
---------------------------++-------
  Melee: Dagger            ||    46
   Cast: Ensorcelled Hiber ||    16
         Sandblast         ||     2
   Stab: Sleeping          ||    11
 Armour: Robe              ||     6
  Dodge: Dodged            ||    38

Table legend: (Time is in decaauts)
 A = Elapsed time spent in this place.
 B = Non-inter-level travel time spent in this place.
 C = Inter-level travel time spent in this place.
 D = Time resting spent in this place.
 E = Time spent auto-exploring this place.
 F = Levels seen in this place.
 G = Mean time per level.
                   A        B        C        D        E       F      G
               +--------+--------+--------+--------+--------+-----+--------+
         Total |   1223 |   1091 |    132 |    353 |    550 |   2 |  611.5 |
       Dungeon |   1223 |   1091 |    132 |    353 |    550 |   2 |  611.5 |
               +--------+--------+--------+--------+--------+-----+--------+

Top non-repeatable levels by time:
     D:1: 1063 daAuts
     D:2: 159 daAuts
